cohdb
Replays
Latest Replays
All Replays
Popular Replays
Top Player Replays
Match Explorer
How It Works
Community
CoH3 Stats
Reddit
Sign in to upload your games and track your stats! →
Sign in with Steam
Match 42571146
Unlisted
Match 42571146
Overview
Messages
Build Orders
End
Vickers Machine Gun Team
Construct Section Command Post
Vickers Machine Gun Team
Infantry Section
Infantry Section
Infantry Section
Construct Platoon Command Post
Unlock M3 Stuart Light Tanks
M3 Stuart Light Tank
CMP 15cwt Truck
M3 Stuart Light Tank
M3 Stuart Light Tank
Light Vehicle Training
Selects Heavy Armor Battlegroup
Selects Heavy Armor Battlegroup
Selects Rigorous Vehicle Training
Selects Forward Repair Assembly
Selects Light Vehicle Withdraw and Refit
Selects Radio Net
Selects Recon Artillery
M3 Stuart Light Tank
CMP 15cwt Truck
M3 Stuart Light Tank
M3 Stuart Light Tank
M3 Stuart Light Tank
XuZhongwei
129师386旅骑兵连
Demon
CPU - 专家
CPU - 专家
CPU - 专家
0
0
Comments
sign in to comment!
No comments posted yet!